Unix NetHack Version 5.0.0-0 post-release - last build May 23 2026 06:08:33 (1c0ff79ee797540d5714e4e18072db0edd9e58ae,branch:main).

Game began 2026-05-29 05:52:35, ended 2026-05-29 06:45:17.

7spoons, lawful female human Valkyrie

    ---------
    |.......|
    |........
    |.......|
    --.--.---
     #####
     0#
     ###          -------------
   --.-|--    #   |...........|
   |......#####   |.....{......
   |.<...|    ####-............##########   ----@--
   |.....|        |...........|#        ##  |.....|
   ---|---        ----------...          ###-@)....
      #                                     |@{d..|
                                            -------

7spoons the Fighter         St:18 Dx:14 Co:17 In:8 Wi:13 Ch:7  Lawful
Dlvl:6  $:54 HP:0(54) Pw:21(21) AC:-1 Xp:6 T:4665 

Latest messages:
 You hear the splashing of a naiad.
 You descend the stairs.
 You climb up the stairs.
 The dog bites the Woodland-elf.
 The Woodland-elf wields an elven broadsword!
 The dog bites the Woodland-elf.
 The Woodland-elf swings his elven broadsword at the dog.
 The Woodland-elf misses the dog.
 In what direction?
 The orcish dagger hits the Woodland-elf.
 The dog misses the Woodland-elf.
 You miss the Woodland-elf.
 The Woodland-elf swings his elven broadsword.
 The Woodland-elf hits!
 The dog misses the Woodland-elf.
 You hit the Woodland-elf!
 The Woodland-elf picks up an orcish dagger.
 The Woodland-elf swings his elven broadsword.
 The Woodland-elf hits!
 The dog misses the Woodland-elf.
 In what direction?
 The orcish dagger hits the Woodland-elf.
 The Woodland-elf wields a rotted elven broadsword!
 The elven broadsword welds itself to the Woodland-elf's hand!
 The Woodland-elf swings his elven broadsword.
 The Woodland-elf hits!
 The dog misses the Woodland-elf.
 You miss the Woodland-elf.
 The Woodland-elf swings his elven broadsword.
 The Woodland-elf hits!
 The dog misses the Woodland-elf.
 The Woodland-elf swings his elven broadsword.
 The Woodland-elf just misses!
 The dog misses the Woodland-elf.
 The dog misses the Woodland-elf.
 You hit the Woodland-elf!
 The Woodland-elf swings his elven broadsword.
 The Woodland-elf hits!
 The Woodland-elf swings his elven broadsword.
 The Woodland-elf hits!
 The Woodland-elf shoots 3 elven arrows!
 The 1st elven arrow hits the Woodland-elf.
 The Woodland-elf is killed!
 You are hit by the 2nd elven arrow.
 You die...
 Do you want your possessions identified? [ynq] (y)
 Do you want to see your attributes? [ynq] (y)
 Do you want an account of creatures vanquished? [ynaq] (y)
 Do you want to see your conduct and achievements? [ynq] (y)
 Do you want to see the dungeon overview? [ynq] (y)

Inventory:
 Coins    ('$')
  $ - 54 gold pieces
 Weapons  (')')
  A - a +0 dagger
  B - 2 +0 elven daggers
  Q - a cursed +1 elven dagger
  b - 2 +0 orcish daggers (at the ready)
  q - a cursed -1 orcish dagger
  u - a cursed -2 orcish dagger
  a - a corroded +1 spear (weapon in right hand)
  H - a cursed +0 long sword
 Armor    ('[')
  y - a blessed +0 orcish helm
  w - an uncursed +0 orcish helm
  x - an uncursed +0 orcish helm (being worn)
  c - an uncursed +3 small shield (being worn)
  C - an uncursed +0 dwarvish cloak (being worn)
  D - an uncursed +0 bronze plate mail (being worn)
 Comestibles  ('%')
  K - 5 uncursed food rations
 Potions  ('!')
  z - an uncursed potion of levitation
  E - an uncursed potion of object detection
 Tools    ('(')
  V - an empty cursed sack
  Z - a cursed lock pick

7spoons the Valkyrie's attributes:

Background:
 You were a Fighter, a level 6 human Valkyrie.
 You were lawful, on a mission for Tyr
 who was opposed by Odin (neutral) and Loki (chaotic).
 You were right-handed.
 You were in the Dungeons of Doom, on level 6.
 You entered the dungeon 4665 turns ago.
 You had 569 experience points, 71 more were needed to attain level 7.

Basics:
 You had 0 out of 54 hit points.
 You had all 21 energy points (spell power).
 Your armor class was -1.
 Your wallet contained 54 zorkmids.
 Autopickup was off.

Final Characteristics:
 Your strength was 18 (limit:18/100).
 Your dexterity was 14 (limit:18).
 Your constitution was 17 (limit:18).
 Your intelligence was 8 (limit:18).
 Your wisdom was 13 (limit:18).
 Your charisma was 7 (limit:18).

Final Status:
 You weren't hungry.
 You were unencumbered.
 You were wielding a spear.
 You were skilled in spear.

Final Attributes:
 You were piously aligned.
 Your items were somewhat protected from fire.
 You were cold resistant.
 Your items were somewhat protected from cold.
 You were telepathic.
 You were stealthy.
 You were warded.
 You are dead.

Miscellaneous:
 You encountered 2 bones levels.
 Total elapsed playing time was 52 minutes and 37 seconds.

Major events:
 Turn
    1: 7spoons the lawful human Valkyrie entered the dungeon
  746: entered the Gnomish Mines
 1562: attained the rank of Skirmisher (level 3)
 2856: attained the rank of Fighter (level 6)
 4665: killed by an elven arrow

You didn't know any spells.

Skills:
 Fighting Skills
   bare handed combat [Unskilled]
   two weapon combat  [Unskilled]
   riding             [Unskilled]
 Weapon Skills
   dagger             [Basic]
   axe                [Unskilled]
   pick-axe           [Unskilled]
   short sword        [Unskilled]
   broadsword         [Unskilled]
   long sword         [Unskilled]
   two-handed sword   [Unskilled]
   saber              [Unskilled]
   hammer             [Unskilled]
   quarterstaff       [Unskilled]
   polearms           [Unskilled]
   spear              [Skilled]
   trident            [Unskilled]
   lance              [Unskilled]
   sling              [Unskilled]
 Spellcasting Skills
   attack spells      [Unskilled]
   escape spells      [Unskilled]

Voluntary challenges:
 Character rerolling was not enabled.
 You were illiterate.
 You never genocided any monsters.
 You never polymorphed an object.
 You never changed form.
 You used no wishes.
Achievements:
 You entered the Gnomish Mines.
 You attained the rank of Skirmisher.
 You attained the rank of Fighter.

 The Dungeons of Doom: levels 1 to 7
    Level 1:
    Level 2:
       Stairs down to The Gnomish Mines.
    Level 3:
       A sink.
    Level 4:
       A fountain, a sink, a grave.
       Final resting place for
          yeovil-Wiz-Hum-Mal-Neu, killed by a kitten,
          Nestorix-Tou-Hum-Fem-Neu, killed by a werejackal,
          h2g2-Ran-Elf-Fem-Cha, killed by a pony.
    Level 5:
       A fountain.
    Level 6: <- You were here.
       Some fountains.
       Final resting place for
          you, killed by an elven arrow.
    Level 7:
       Final resting place for
          groeloe-Kni-Hum-Fem-Law, killed by a raven.
 The Gnomish Mines:
    Level 3:


Vanquished creatures:
  3 ghosts
  a leprechaun
  a gnome mummy
  a Woodland-elf
  a water nymph
  2 ponies
  a violet fungus
  a gray ooze
 an elf zombie
  a straw golem
  3 giant ants
  a little dog
  2 floating eyes
  2 kittens
  a homunculus
  9 hill orcs
  a rabid rat
  2 giant bats
  2 orc zombies
  2 iguanas
  2 acid blobs
  a coyote
  2 hobbits
  4 giant rats
  7 cave spiders
  a brown mold
  8 garter snakes
  a gnome zombie
  2 geckos
  4 jackals
  a fox
  2 goblins
  3 sewer rats
  9 grid bugs
  a bat
  6 lichens
  2 kobold zombies
  6 newts
100 creatures vanquished.

No species were genocided or became extinct.

Game over:
                       ----------
                      /          \
                     /    REST    \
                    /      IN      \
                   /     PEACE      \
                  /                  \
                  |     7spoons      |
                  |      54 Au       |
                  |   killed by an   |
                  |   elven arrow    |
                  |                  |
                  |                  |
                  |       2026       |
                 *|     *  *  *      | *
        _________)/\\_//(\/(/\)/\//\/|_)_______

Farvel 7spoons the Valkyrie...

You died in The Dungeons of Doom on dungeon level 6 with 2625 points,
and 54 pieces of gold, after 4665 moves.
You were level 6 with a maximum of 54 hit points when you died.

